 Dungeon Crawl Stone Soup version 0.25.0-11-g1f837a76a1 (webtiles) character file.

Game seed: 16117190740606141349

5824 MordorOrchid the Thaumaturge (level 10, -18/63 HPs)
             Began as an Octopode Ice Elementalist on June 26, 2020.
             Was a High Priest of Uskayaw.
             Demolished by Snorg (26 damage)
             ... on level 10 of the Dungeon.
             The game lasted 00:33:32 (10976 turns).

MordorOrchid the Thaumaturge (OpIE)                Turns: 10976, Time: 00:33:33

Health: -18/63     AC:  1    Str: 13    XL:     10   Next: 80%
Magic:  8/22       EV: 15    Int: 28    God:    Uskayaw [*****.]
Gold:   395        SH:  4    Dex: 12    Spells: 10/25 levels left

rFire    . . .     SeeInvis .   y - +3 short sword (chaos)
rCold    . . .     Gourm    .   C - +0 buckler
rNeg     . . .     Faith    .   (helmet restricted)
rPois    .         Spirit   .   (no amulet)
rElec    .         Reflect  .   E - ring of wizardry
rCorr    .         Harm     .   T - +6 ring of strength
MR       .....                  V - +6 ring of intelligence
Stlth    ++++......             (no ring)
HPRegen  0.20/turn              (no ring)
MPRegen  0.18/turn              (no ring)
                                (no ring)
                                (no ring)

@: very slightly contaminated
A: almost no armour, stealthy swim, amphibious, 8 rings, constrict 8, camouflage
1, gelatinous body 1
a: Stomp, Line Pass, Grand Finale, Renounce Religion


You were on level 10 of the Dungeon.
You worshipped Uskayaw.
Uskayaw was noncommittal.
You were very hungry.

You visited 2 branches of the dungeon, and saw 11 of its levels.
You also visited: Sewer.

You collected 633 gold pieces.
You spent 238 gold pieces at shops.

Inventory:

Hand Weapons
 f - a +0 dagger
 j - a +1 hunting sling of freezing
 y - a +3 short sword of chaos (weapon)
 J - a +0 arbalest
 O - a +0 hand crossbow
 Q - a cursed +3 flail of freezing
 R - a +4 scimitar
Missiles
 a - 277 arrows
 g - 65 sling bullets
 p - a throwing net
 u - 9 boomerangs (quivered)
 v - 83 bolts
 z - 14 curare-tipped darts
 N - 11 poisoned darts
Armour
 C - a +0 buckler (worn)
Magical Staves
 K - an uncursed staff of fire
 U - an uncursed staff of summoning
Jewellery
 E - a ring of wizardry (left tentacle)
 T - a +6 ring of strength (right tentacle)
 V - a +6 ring of intelligence (on tentacle)
Wands
 c - a wand of random effects (33)
 A - a wand of acid (5)
 F - a wand of enslavement (12)
 G - a wand of flame (47)
 P - a wand of polymorph (4)
 W - a wand of iceblast (3)
Scrolls
 i - 6 scrolls of teleportation
 k - 10 scrolls of remove curse
 l - a scroll of enchant armour {unknown}
 o - a scroll of random uselessness {unknown}
 q - a scroll of amnesia
 s - a scroll of magic mapping
 t - a scroll of noise
 w - 2 scrolls of fear
 x - a scroll of immolation
 B - a scroll of blinking
 M - a scroll of silence {unknown}
 S - 2 scrolls of identify
Potions
 d - 3 potions of stabbing
 e - 5 potions of curing
 h - a potion of magic {unknown}
 m - a potion of brilliance {unknown}
 n - a potion of invisibility {unknown}
 r - 7 potions of heal wounds
 D - 5 potions of might
 H - a potion of flight
 I - 2 potions of haste
 L - a potion of lignification
Comestibles
 b - 18 rations


   Skills:
 * Level 3.4 Fighting
 - Level 2.0 Short Blades
 * Level 5.6 Dodging
 * Level 5.3 Stealth
 * Level 2.5 Shields
 + Level 8.1 Spellcasting
 * Level 3.5 Conjurations
 - Level 1.0 Charms
 - Level 4.0 Summonings
 + Level 8.0 Ice Magic
 * Level 3.1 Invocations
 * Level 4.8 Evocations


You had 10 spell levels left.
You knew the following spells:

 Your Spells              Type           Power        Failure   Level  Hunger
a - Freeze                Ice            ####         1%          1    None
b - Frozen Ramparts       Ice            ######       1%          3    None
r - Hailstorm             Conj/Ice       #####...     2%          4    ##.....
s - Summon Ice Beast      Ice/Summ       #####...     1%          4    ##.....
y - Ozocubu's Armour      Chrm/Ice       #####...     1%          3    None

Your spell library contained the following spells:

 Spells                   Type           Power        Failure   Level  Hunger


Dungeon Overview and Level Annotations

Branches:
Dungeon (10/15)            Temple (1/1) D:6           Sewer (visited)
   Lair: D:8-11         Orc: D:9-12

Altars:
Ashenzari
Cheibriados
Elyvilon
Fedhas
Gozag
Kikubaaqudgha
Nemelex Xobeh
Qazlal
Ru
Trog
Uskayaw
Vehumet
Wu Jian
Xom
Yredelemnul
Zin
The Shining One

Shops:
D:6 (   D:8 *

Annotations:
D:8 2 transporters, Morrissey's ghost, novice DsGl
D:10 Snorg


Innate Abilities, Weirdness & Mutations

You cannot wear most types of armour.
You are very stealthy in the water. (Stealth+)
You are amphibious.
You can wear up to eight rings at the same time.
You can use your tentacles to constrict eight enemies at once.
Your skin changes colour to match your surroundings (Stealth+).
Your rubbery body absorbs attacks. (AC +1, EV +1)


Message History

The mass of ice explodes!
The iceblast engulfs Snorg!!
Snorg is severely wounded.
The iceblast engulfs the shadow imp!
The shadow imp partially resists.
You kill the shadow imp!
The frozen ramparts melt away.
Evoke which item? (* to show all) (? for menu, Esc to quit)
Aiming: Iceblast
Press: ? - help, Shift-Dir - straight line, f/p - Snorg
Aim: Snorg (severely wounded, berserk)
The mass of ice explodes!
The iceblast engulfs Snorg!!
Snorg is almost dead.
Evoke which item? (* to show all) (? for menu, Esc to quit)
Aiming: Iceblast
Press: ? - help, Shift-Dir - straight line, f/p - Snorg
Aim: Snorg (almost dead, berserk)
The mass of ice explodes!
The iceblast engulfs Snorg!
Snorg is almost dead.
Snorg rages.
Snorg bites you!!
You die...

#.# ### .## ### #)# #.. ..
..# #.# #.###'### #.#
######## #)#
#.......###.####......#
#(###.......#......#......###
#...#.......#......#........#
###.#.......#..........#....#
#.#.......#.....####.#....#
#####....##...T@....#
#.#....##
..........##.......###
#.###....
.....##...##.......# #.#
#.### ..... #............#
#<# #.# .... #....#......##
### #.# .... ##.#.#......#
#.#.. .#. #.#$######## #.#.#
#...# #####.#.# #####
#.....#..


You could see Snorg (berserk).

Vanquished Creatures
  The ghost of voshxx the Insei, an amateur OpTm (D:4)
  2 yaks (D:9)
  A wyvern (D:8)
  Purgy (Sewer)
  A black bear (D:7)
  2 orc warriors
  3 phantoms
  A sky beast (D:8)
  3 centaurs
  A crocodile (D:7)
  5 big kobolds
  6 bullfrogs
  2 scorpions
  5 howler monkeys
  A wight (D:8)
  An electric eel (D:6)
  3 crimson imps (D:5)
  A quasit (D:5)
  A hound (D:5)
  3 jellies
  4 orc priests
  A bullfrog skeleton (D:4)
  A centaur skeleton (D:5)
  4 orc wizards
  Jessica (D:2)
  2 iguanas
  3 worker ants
  A hound zombie (D:10)
  A howler monkey skeleton (D:6)
  6 gnolls (D:2)
  11 adders
  2 river rats (D:4)
  3 shadow imps
  An adder zombie (D:6)
  An adder skeleton (D:4)
  5 worms
  A dart slug (D:1)
  6 leopard geckos
  19 orcs
  5 bats
  5 giant cockroaches
  5 goblins
  4 hobgoblins
  8 jackals
  2 quokkas
  A ball python zombie (D:6)
  9 frilled lizards
  27 kobolds
  A quokka zombie (D:7)
  11 rats
195 creatures vanquished.

Vanquished Creatures (collateral kills)
  2 two-headed ogres
  Prince Ribbit (D:6)
  A hippogriff (D:9)
  A spriggan (D:9)
  2 yaks (D:9)
  An ice beast (D:5)
  A necrophage (D:6)
  A phantom (D:8)
  2 wights (D:8)
  A quasit (D:9)
  2 centaur skeletons
  An iguana (D:9)
  A leopard gecko (D:9)
17 creatures vanquished.

Vanquished Creatures (others)
  A phantom (D:7)
  3 fungi (D:4)
  2 plants
6 creatures vanquished.

Grand Total: 218 creatures vanquished

Notes
Turn   | Place    | Note
-------+----------+-------------------------------------------
     0 | D:1      | MordorOrchid the Octopode Ice Elementalist began the quest
                  | for the Orb.
     0 | D:1      | Reached XP level 1. HP: 11/11 MP: 3/3
   408 | D:1      | Reached XP level 2. HP: 18/18 MP: 3/5
   976 | D:2      | Reached XP level 3. HP: 20/22 MP: 3/6
   983 | D:2      | Learned a level 3 spell: Frozen Ramparts
  1003 | D:2      | Noticed Jessica
  1013 | D:2      | Killed Jessica
  1013 | D:2      | Reached skill level 1 in Fighting
  1013 | D:2      | Reached XP level 4. HP: 23/28 MP: 1/7
  1448 | D:2      | Reached skill level 5 in Ice Magic
  1448 | D:2      | Reached XP level 5. HP: 34/34 MP: 5/9
  1453 | D:2      | Learned a level 3 spell: Ozocubu's Armour
  2209 | D:3      | Reached XP level 6. HP: 38/39 MP: 11/11
  2215 | D:3      | Learned a level 4 spell: Summon Ice Beast
  2692 | D:4      | Reached skill level 1 in Charms
  2873 | D:4      | Reached skill level 1 in Summonings
  2904 | D:4      | Found a glowing drain.
  2908 | Sewer    | Entered a sewer
  2945 | Sewer    | Noticed Purgy
  3100 | Sewer    | Killed Purgy
  3100 | Sewer    | Reached XP level 7. HP: 29/45 MP: 4/13
  3250 | D:4      | Found a runed translucent gate.
  3251 | D:4      | Found a runed translucent gate.
  3252 | D:4      | Found a runed translucent gate.
  3253 | D:4      | Noticed voshxx's ghost (amateur OpTm)
  3830 | D:4      | Reached skill level 5 in Spellcasting
  3830 | D:4      | Reached skill level 1 in Evocations
  3833 | D:4      | Killed voshxx's ghost
  3833 | D:4      | Reached XP level 8. HP: 29/50 MP: 3/16
  3998 | D:5      | Entered Level 5 of the Dungeon
  5423 | D:5      | Learned a level 4 spell: Hailstorm
  5814 | D:6      | Found a shattered altar of Ashenzari.
  5819 | D:6      | Noticed Prince Ribbit
  5832 | D:6      | Killed Prince Ribbit
  5832 | D:6      | Reached skill level 1 in Conjurations
  5832 | D:6      | Reached XP level 9. HP: 42/54 MP: 7/19
  6009 | D:6      | Found Pioffo Jill's Antique Weapon Shoppe.
  6095 | D:6      | Found a staircase to the Ecumenical Temple.
  6100 | Temple   | Entered the Ecumenical Temple
  6236 | Temple   | Became a worshipper of Uskayaw the Reveler
  6344 | D:6      | Bought a runed hunting sling for 130 gold pieces
  6877 | D:7      | Reached * piety under Uskayaw
  6879 | D:7      | Reached ** piety under Uskayaw
  6882 | D:7      | Reached *** piety under Uskayaw
  8207 | D:8      | Reached **** piety under Uskayaw
  8209 | D:8      | Reached skill level 1 in Invocations
  8219 | D:8      | Reached ***** piety under Uskayaw
  8547 | D:8      | Found a transporter.
  8575 | D:8      | Noticed a moth of wrath
  8582 | D:8      | Found a transporter.
  8585 | D:8      | Noticed Morrissey's ghost (novice DsGl)
  8611 | D:8      | Found Rios's Assorted Antiques.
  8619 | D:8      | Bought a jewelled iron wand for 108 gold pieces
  8962 | D:8      | Reached skill level 1 in Short Blades
  9003 | D:8      | Reached skill level 5 in Dodging
  9148 | D:8      | Noticed a two-headed ogre
  9169 | D:8      | Killed a two-headed ogre
  9169 | D:8      | Reached skill level 1 in Shields
  9169 | D:8      | Reached XP level 10. HP: 53/62 MP: 13/21
  9637 | D:9      | Noticed a two-headed ogre
  9657 | D:9      | Killed a two-headed ogre
  9833 | D:9      | Reached skill level 5 in Stealth
 10790 | D:9      | Found an opulent altar of Gozag.
 10790 | D:9      | Found a white marble altar of Elyvilon.
 10820 | D:10     | Entered Level 10 of the Dungeon
 10956 | D:10     | Noticed Snorg
 10976 | D:10     | Demolished by Snorg

Illustrated notes

Levels and vault maps discovered:
D:1:      psy_arrival_basics, layout_basic, hex_tiny, minmay_tromino_mix6
D:2:      layout_basic, uniq_jessica
D:3:      layout_loops_ring, nicolae_overflow_hidden_temple
D:4:      layout_basic, first_ration, gammafunk_ghost_nasty_kobolds,
          gup_sewer_entry_spiral
D:5:      layout_loops_corners
D:6:      layout_loops_ring, overflow_temple_1_default, temple_doors_e,
          serial_shops, shop, serial_bayou_pond_b, uniq_prince_ribbit1
D:7:      layout_basic
D:8:      layout_loops_ring, gammafunk_ghost_berserking_beasts, serial_shops,
          nicolae_shop_overgrown_old_shop
D:9:      layout_basic, gammafunk_temple_overflow_statue, the_bakery,
          st_stairs_9, chequers_serial_rivers_large_b
D:10:     layout_basic, uniq_snorg, uniq_gastronok, uniq_sonja
Temple:   dpeg_five_rooms_temple

Skill      XL: |  1  2  3  4  5  6  7  8  9 10 |
---------------+-------------------------------+-----
Stealth        | 3 4 5 |  5.3
Fighting       | 1 2 3 |  3.4
Spellcasting   | 3 4 5 6 7 8 |  8.1
Ice Magic      | 5 6 7 8 |  8.0
Dodging        | 3 4 5 |  5.6
Charms         | 1 |  1.0
Summonings     | 1 2 3 4 |  4.0
Evocations     | 1 2 4 |  4.8
Conjurations   | 1 2 3 |  3.5
Invocations    | 2 3 |  3.1
Short Blades   | 1 2 |  2.0
Shields        | 1 2 |  2.5

Action                   |  1- 3 |  4- 6 |  7- 9 | 10-12 || total
-------------------------+-------+-------+-------+-------++-------
Melee: Dagger            |    33 |    68 |    91 |       ||   192
       Constrict         |    10 |    22 |    16 |       ||    48
       Unarmed           |     3 |       |       |       ||     3
       Tentacles         |     4 |    12 |    22 |     1 ||    39
       Short sword       |       |       |    28 |    21 ||    49
 Fire: Hunting sling     |       |       |    76 |    28 ||   104
Throw: Boomerang         |       |    23 |    14 |       ||    37
 Cast: Freeze            |    12 |     6 |     8 |     3 ||    29
       Frozen Ramparts   |     1 |    21 |    45 |    15 ||    82
       Ozocubu's Armour  |       |     2 |     9 |     3 ||    14
       Summon Ice Beast  |       |       |    18 |    11 ||    29
       Hailstorm         |       |       |     5 |     2 ||     7
Evoke: Wand              |       |       |     3 |     5 ||     8
  Use: Scroll            |     2 |       |    16 |     1 ||    19
       Potion            |       |       |     2 |       ||     2
 Stab: Sleeping          |     1 |    15 |     8 |     2 ||    26
       Distracted        |       |       |     1 |       ||     1
       Paralysed         |       |       |       |     2 ||     2
  Eat: Chunk             |       |     8 |    16 |     6 ||    30
       Ration            |       |       |     2 |       ||     2
Armor: Skin              |     5 |     7 |    23 |     1 ||    36
Dodge: Dodged            |    30 |    66 |    88 |    20 ||   204
Block: Buckler           |       |       |       |     7 ||     7
